 Dungeon Crawl Stone Soup version 0.30-a0-222-ge547ba4400 (webtiles) character file.

Game seed: 5146351568122705320

129408 qw the Peltast (level 17, -7/21 HPs)
             Began as a Gargoyle Fighter on Oct 1, 2022.
             Was a Priest of Okawaru.
             Constricted to death by a shambling mangrove (16 damage)
             ... on level 1 of the Swamp on Oct 8, 2022.
             The game lasted 00:49:54 (36601 turns).

qw the Peltast (Gargoyle Fighter)                  Turns: 36601, Time: 00:49:54

Health: -7/21      AC: 46    Str: 32    XL:     17   Next: 5%
Magic:  24/24      EV:  9    Int: 11    God:    Okawaru [***...]
Gold:   636        SH: 22    Dex: 15    Spells: 16/16 levels left

rFire   + + .      SeeInvis .    Y - +1 broad axe (flame)
rCold   . . .      Faith    .    v - +0 tower shield of Xir Tuim {Dex+6 Stlth+}
rNeg    + . .      Spirit   .    y - +1 plate armour
rPois   inf        Reflect  .    z - +2 hat {Will+}
rElec   +          Harm     .    u - +2 cloak
rCorr   +          Rampage  .    p - +2 pair of gloves
Will    +++..                    H - +0 pair of boots
Stlth   ..........               c - amulet of Impatience {RegenMP Fly rF+ Will+ Regen+}
HPRegen 1.03/turn                C - ring of Greater Demons {rF+ rCorr Str+3 Int+3}
MPRegen 0.59/turn                x - +4 ring of protection

@: heroic, grasped by roots, flying, constricted
A: sickness immunity, AC +12, big wings, negative energy resistance 1,
electricity resistance, torment resistance 1, petrification resistance
a: Renounce Religion, Heroism


You were on level 1 of the Swamp.
You worshipped Okawaru.
Okawaru was most pleased with you.
You visited 5 branches of the dungeon, and saw 24 of its levels.
You also visited: Gauntlet.

You collected 2565 gold pieces.
You spent 1929 gold pieces at shops.


Innate Abilities, Weirdness & Mutations

You are immune to sickness and miasma.
Your stone body is resilient. (AC +12)
You are immune to poison.
Your large and strong wings let you fly.
You resist negative energy. (rN+)
You are resistant to electric shocks. (rElec)
You are resistant to unholy torment.
You are immune to petrification.


   Skills:
 - Level 12.0(17.0) Fighting
 - Level 16.0(21.0) Axes
 - Level 6.0(11.0) Throwing
 - Level 11.0(16.0) Armour
 - Level 4.0(9.0) Dodging
 + Level 16.7(21.7) Shields
 - Level 10.0 Invocations


You had 16 spell levels left.
You didn't know any spells.
Your spell library was empty.

Inventory:

Hand Weapons
 Y - a +1 broad axe of flaming (weapon)
Missiles
 h - 8 boomerangs (quivered)
 j - 4 javelins
 k - a silver javelin
Armour
 p - a +2 pair of gloves (worn)
 u - a +2 cloak (worn)
 v - the +0 tower shield of Xir Tuim (worn) {Dex+6 Stlth+}
   (Okawaru gifted it to you on level 3 of the Lair of Beasts)

   Dex:       It affects your dexterity (+6).
   Stlth:     It makes you more stealthy.
 y - a +1 plate armour (worn)
 z - a +2 hat of willpower (worn)
 B - the +1 chain mail "Ysmaip" {rCorr Dex+5}
   (You found it on level 10 of the Dungeon)

   Dex:       It affects your dexterity (+5).
   rCorr:     It protects you from acid and corrosion.
 D - +0 fire dragon scales
 H - a +0 pair of boots (worn)
Jewellery
 c - the amulet of Impatience (around neck) {RegenMP Fly rF+ Will+ Regen+}
   (You took it off a tengu conjurer on level 13 of the Dungeon)

   [amulet of magic regeneration]

   It increases your rate of magic regeneration.
   rF:        It protects you from fire.
   Fly:       It grants you flight.
   Regen:     It increases your rate of health regeneration.
   Will:      It increases your willpower.
 l - a +4 ring of slaying {mikee}
 q - a ring of protection from cold
 x - a +4 ring of protection (right hand)
 A - the ring of the Priest {Wiz rF+ rC+ Stlth+}
   (You found it in a Gauntlet)

   [ring of wizardry]

   It improves your spell success rate.
   rF:        It protects you from fire.
   rC:        It protects you from cold.
   Stlth:     It makes you more stealthy.
 C - the ring of Greater Demons (left hand) {rF+ rCorr Str+3 Int+3}
   (You took it off a meliai on level 13 of the Dungeon)

   [ring of resist corrosion]

   Str:       It affects your strength (+3).
   Int:       It affects your intelligence (+3).
   rF:        It protects you from fire.
   rCorr:     It protects you from acid and corrosion.
 G - the ring of Makhleb's Supremacy {rElec rN+ rCorr}
   (You took it off a centaur on level 13 of the Dungeon)

   [ring of positive energy]

   rElec:     It insulates you from electricity.
   rN:        It protects you from negative energy.
   rCorr:     It protects you from acid and corrosion.
Wands
 o - a wand of digging (11)
Scrolls
 a - 6 scrolls of identify
 s - 4 scrolls of teleportation
Potions
 b - 3 potions of haste
 d - 5 potions of might
 e - 2 potions of mutation
 g - 21 potions of curing
 i - a potion of heal wounds
 m - 5 potions of attraction
 n - 2 potions of resistance
 r - a potion of magic
 t - 6 potions of lignification
 w - 3 potions of cancellation

Dungeon Overview and Level Annotations

Branches:
Dungeon (15/15)            Temple (1/1) D:4            Lair (5/5) D:8
  Swamp (1/4) Lair:3       Spider (0/4) Lair:3        Slime (0/5) Lair:5
    Orc (2/2) D:10 Zot: 855     Elf (0/3) Orc:2        Vaults (0/5) D:13
 Depths (0/4) D:15        Gauntlet (visited)

Altars:
Ashenzari
Cheibriados
Dithmenos
Elyvilon
Fedhas
Gozag
Hepliaklqana
Kikubaaqudgha
Makhleb
Nemelex Xobeh
Okawaru
Qazlal
Ru
Sif Muna
Trog
Uskayaw
Vehumet
Wu Jian
Xom
Yredelemnul
Zin
The Shining One
Jiyva

Shops:
D:4 (   D:7 *   D:11 *   D:13 *   D:14 [   D:15 (   Orc:2 :[?=

Annotations:
D:12 3 runed translucent doors, qw's ghost, journeyman GrFi
D:13 3 runed translucent doors
D:14 1 runed translucent door
Orc:1 2 transporters, Kisosi's ghost, journeyman DDFi


Message History

The grasping roots grab you! The grasping roots constrict you.
You block the swamp worm's attack.
36592 ||| INVOKING Heroism.
You gain the combat prowess of a mighty hero.
You block the spriggan rider's attack.
The swamp worm bites you but does no damage.
You closely miss the spriggan rider. You barely miss the swamp worm.
You block the spriggan rider's attack. The grasping roots constrict you.
You block the swamp worm's attack.
You slice the spriggan rider!! You burn the spriggan rider!
The spriggan rider is heavily wounded.
You slice the swamp worm!! You burn the swamp worm.
You block the spriggan rider's attack. You block the swamp worm's attack.
The grasping roots constrict you.
You slash the swamp worm! You burn the swamp worm!
You kill the swamp worm!
Okawaru accepts your kill.
You miss the spriggan rider. The spriggan rider barely misses you.
You barely miss the spriggan rider.
The spriggan rider is heavily wounded.
The grasping roots constrict you. You block the spriggan rider's attack.
You barely miss the spriggan rider.
The spriggan rider is heavily wounded.
You closely miss the spriggan rider.
The spriggan rider is heavily wounded.
You block the spriggan rider's attack. The grasping roots constrict you.
You hit the spriggan rider. You burn the spriggan rider.
The spriggan rider is severely wounded.
You block the spriggan rider's attack. The grasping roots constrict you!
Ouch! That really hurt!
You slice the spriggan rider!! You burn the spriggan rider!
You kill the spriggan rider!
Okawaru accepts your kill.
You kill the hornet!
Okawaru accepts your kill.
The roots grasp on you weakens, but your attempt to escape fails.
The grasping roots constrict you!
Ouch! That really hurt!
You die...

~~~~~~~
.~¤~~~~~~~~~
7~~~~~~~~¤~~
777¤..~~~~.~.|
7.....~~~~.~.~
7.....~~~~..~7
7<.77~~~~...>~
7...7.~~~~....
7~~.77@%¤~~.~.
7...7%~7f~~~~.~
777777~7.~~~.~~
777.~~~~77
7.~~~.7 7...77
.>.7 ...7


You could see a shambling mangrove.

Vanquished Creatures
  Agnes (D:15)
  Gastronok (D:10)
  An orc warlord (Orc:1)
  A stone giant (D:15)
  Nessos (Lair:4)
  A minotaur (Gauntlet)
  An ettin (Orc:2)
  2 fire dragons (D:13)
  A vault guard (D:13)
  A rakshasa (D:13)
  An ice dragon (D:13)
  2 ogre magi
  3 catoblepae (Lair:5)
  8 hydras
  7 centaur warriors
  2 boulder beetles
  5 two-headed ogres
  3 tengu warriors
  9 death yaks (Lair:5)
  Sonja (D:10)
  A spriggan (Swamp:1)
  8 skeletal warriors
  2 bog bodies (Lair:3)
  Pikel (D:7)
  A lindwurm (Lair:5)
  3 deep elf pyromancers
  10 orc sorcerers
  2 wolf spiders
  3 orc knights
  3 ugly things (D:13)
  A salamander (shapeshifter) (D:14)
  8 manticores
  12 cyclopes
  22 elephants
  6 black mambas
  3 gargoyles
  A water nymph (shapeshifter) (D:13)
  Joseph (D:7)
  10 cane toads
  2 torpor snails
  A kobold demonologist (D:10)
  4 rime drakes
  10 komodo dragons
  A freezing wraith (D:13)
  An efreet (D:15)
  A yaktaur (shapeshifter) (D:13)
  10 trolls
  A tengu conjurer (D:13)
  4 meliai
  A troll (shapeshifter) (D:13)
  2 polar bears
  2 hornets
  A dream sheep (shapeshifter) (D:15)
  12 blink frogs
  3 dream sheep (Lair:5)
  2 centaur simulacra (Gauntlet)
  A jumping spider (Lair:3)
  A culicivora (Lair:3)
  3 slime creatures (D:15)
  A vampire (D:13)
  6 wyverns
  11 flying skulls (Gauntlet)
  3 shadows (D:10)
  2 water elementals (D:14)
  26 yaks
  5 basilisks
  2 steam dragons
  20 vampire mosquitoes
  5 swamp worms
  An acid dragon (D:13)
  4 wargs
  17 water moccasins
  A sky beast (D:6)
  2 black bears
  18 orc warriors
  An ice beast (D:7)
  14 ogres
  4 wolves
  A centaur (shapeshifter) (D:13)
  2 lemures (D:7)
  5 centaurs
  2 phantoms
  2 kobold brigands
  Blork the orc (D:6)
  12 bullfrogs
  2 scorpions
  A cane toad simulacrum (Gauntlet)
  3 wights (D:7)
  2 electric eels (D:14)
  11 howler monkeys
  12 orc priests
  3 hounds
  3 jellies
  7 iguanas
  24 orc wizards
  7 hell rats (Lair:2)
  2 polar bear simulacra (Lair:1)
  6 ogre zombies (D:10)
  A boggart simulacrum (Gauntlet)
  7 gnolls
  3 adders
  A shadow imp (D:6)
  A white imp (D:7)
  3 worms
  57 orcs
  14 bats
  9 endoplasms
  A giant cockroach (D:1)
  9 hobgoblins
  17 kobolds
  4 quokkas
  12 ball pythons
  3 frilled lizards (D:3)
  6 goblins
  A goblin skeleton (D:10)
  2 goblin zombies (D:10)
  2 hobgoblin skeletons (D:10)
  3 hobgoblin zombies (D:10)
  2 orc skeletons (D:10)
  9 orc zombies (D:10)
  4 rats
635 creatures vanquished.

Vanquished Creatures (others)
  A water elemental (D:14)
  An orc wizard (D:13)
  19 bushes (Lair:3)
  23 fungi
  47 plants
91 creatures vanquished.

Grand Total: 726 creatures vanquished

Notes
Turn   | Place    | Note
-------+----------+-------------------------------------------
     0 | D:1      | qw the Gargoyle Fighter began the quest for the Orb.
     0 | D:1      | Reached XP level 1. HP: 14/14 MP: 1/1
     0 | D:1      | 0 ||| qw: Version: 0.2-a-13-gfc7b4b4
     0 | D:1      | 0 ||| qw: Game counter: 1969
     0 | D:1      | 0 ||| qw: Always use a shield: true
     0 | D:1      | 0 ||| qw: God list: Okawaru
     0 | D:1      | 0 ||| qw: Allow faded altars: false
     0 | D:1      | 0 ||| qw: Do Orc after D:15 true
     0 | D:1      | 0 ||| qw: Do second Lair branch before Depths: true
     0 | D:1      | 0 ||| qw: Lair rune preference: random
     0 | D:1      | 0 ||| qw: Plans: Normal, Zot:1-4, God:TSO, Crypt, Tomb,
                  | Pan, Slime:5, Hells, Abyss, Orb
     0 | D:1      | 0 ||| PLANNING D:1-11
   148 | D:1      | Reached XP level 2. HP: 18/19 MP: 2/2
   183 | D:1      | 183 ||| Stepping ~*~*~tactically~*~*~ (stealth).
   295 | D:1      | Reached skill level 3 in Axes
   354 | D:1      | Reached XP level 3. HP: 23/23 MP: 3/3
   599 | D:1      | 599 ||| READING 2 scrolls labelled FIWKO OBOFEK.
   600 | D:1      | 600 ||| READING scroll labelled XECWONWYRCHI.
   601 | D:1      | 601 ||| READING scroll labelled VUUMUR NUIMNI.
   602 | D:1      | 602 ||| READING scroll labelled SYEQOE KELUGO.
   607 | D:1      | 607 ||| DRINKING 4 sedimented pink potions.
   760 | D:2      | 760 ||| DROPPING +0 club.
  1266 | D:2      | Reached XP level 4. HP: 28/28 MP: 4/4
  1607 | D:2      | 1607 ||| UPGRADING to +0 chain mail.
  1617 | D:2      | 1617 ||| DROPPING +0 scale mail.
  1618 | D:2      | 1618 ||| DROPPING amulet of faith.
  1619 | D:2      | 1619 ||| READING scroll labelled RAUSAO OTUHEG.
  1677 | D:3      | 1677 ||| Stepping ~*~*~tactically~*~*~ (stealth).
  1875 | D:3      | 1875 ||| Stepping ~*~*~tactically~*~*~ (stealth).
  2215 | D:3      | 2215 ||| READING scroll labelled WEROGE NITTOK ROSK.
  2216 | D:3      | 2216 ||| READING scroll labelled AQOCWI ZOWKAAPT.
  2217 | D:3      | 2217 ||| READING scroll labelled ROITEH WERRA.
  2291 | D:4      | Found Nadicyt's Antique Weapon Boutique.
  2302 | D:4      | 2302 ||| Stepping ~*~*~tactically~*~*~ (stealth).
  2308 | D:4      | 2308 ||| Stepping ~*~*~tactically~*~*~ (stealth).
  2316 | D:4      | 2316 ||| Stepping ~*~*~tactically~*~*~ (stealth).
  2317 | D:4      | 2317 ||| Stepping ~*~*~tactically~*~*~ (stealth).
  2324 | D:4      | Reached XP level 5. HP: 32/32 MP: 5/5
  2342 | D:4      | 2342 ||| DROPPING +0 whip.
  2477 | D:4      | HP: 8/32 [gnoll/+0 flail (8)]
  2478 | D:4      | 2478 ||| READING 2 scrolls of teleportation.
  2639 | D:4      | Found a staircase to the Ecumenical Temple.
  2641 | D:4      | 2641 ||| PLANNING TEMPLE
  2641 | D:4      | 2641 ||| DROPPING ring of wizardry.
  2649 | D:4      | Reached XP level 6. HP: 37/39 MP: 6/6
  2660 | Temple   | Entered the Ecumenical Temple
  2702 | Temple   | 2702 ||| PLANNING OKAWARU WORSHIP
  2828 | Temple   | Became a worshipper of Warmaster Okawaru
  2829 | Temple   | 2829 ||| PLANNING D:1-11
  2967 | D:4      | 2967 ||| Stepping ~*~*~tactically~*~*~ (stealth).
  2968 | D:4      | 2968 ||| Stepping ~*~*~tactically~*~*~ (stealth).
  2973 | D:4      | 2973 ||| FLEEEEING.
  2974 | D:4      | 2974 ||| FLEEEEING.
  2975 | D:4      | 2975 ||| FLEEEEING.
  2976 | D:4      | 2976 ||| FLEEEEING.
  2977 | D:4      | 2977 ||| FLEEEEING.
  2978 | D:4      | 2978 ||| FLEEEEING.
  2979 | D:4      | 2979 ||| FLEEEEING.
  2980 | D:4      | 2980 ||| FLEEEEING.
  2981 | D:4      | 2981 ||| FLEEEEING.
  3389 | D:4      | 3389 ||| READING scroll labelled RYNUUMM INAEH.
  3390 | D:4      | 3390 ||| READING 2 scrolls of identify.
  3390 | D:4      | 3390 ||| IDENTIFYING bubbling green potion
  3415 | D:5      | Entered Level 5 of the Dungeon
  3767 | D:5      | Reached skill level 6 in Axes
  3767 | D:5      | Reached XP level 7. HP: 31/44 MP: 7/7
  4054 | D:5      | 4054 ||| READING scroll labelled ZYENWE OCHU.
  4137 | D:6      | Reached skill level 1 in Dodging
  4653 | D:6      | Noticed Blork the orc
  4661 | D:6      | Killed Blork the orc
  4661 | D:6      | Reached * piety under Okawaru
  4662 | D:6      | Reached XP level 8. HP: 46/49 MP: 8/8
  4686 | D:6      | 4686 ||| Stepping ~*~*~tactically~*~*~ (stealth).
  4687 | D:6      | 4687 ||| Stepping ~*~*~tactically~*~*~ (hiding).
  4745 | D:6      | 4745 ||| Stepping ~*~*~tactically~*~*~ (hiding).
  4746 | D:6      | 4746 ||| Stepping ~*~*~tactically~*~*~ (hiding).
  4939 | D:6      | Reached skill level 1 in Invocations
  5141 | D:6      | Found a hide-covered altar of Uskayaw.
  5144 | D:6      | Noticed a +0 hand axe
  5144 | D:6      | Noticed a +0 dagger
  5360 | D:6      | Found a basalt altar of Yredelemnul.
  5368 | D:6      | Found a radiant altar of Vehumet.
  5372 | D:6      | Found a stormy altar of Qazlal.
  5595 | D:6      | 5595 ||| UPGRADING to +0 pair of gloves.
  5600 | D:6      | 5600 ||| UPGRADING to +0 kite shield.
  5610 | D:6      | 5610 ||| DROPPING +0 buckler.
  5611 | D:6      | 5611 ||| UPGRADING to +0 cloak.
  5616 | D:6      | 5616 ||| READING 3 scrolls of enchant armour.
  5616 | D:6      | 5616 ||| ENCHANTING +0 pair of gloves.
  5617 | D:6      | 5617 ||| READING 2 scrolls of enchant armour.
  5617 | D:6      | 5617 ||| ENCHANTING +1 pair of gloves.
  5618 | D:6      | 5618 ||| READING scroll of enchant armour.
  5618 | D:6      | 5618 ||| ENCHANTING +0 cloak.
  5619 | D:6      | 5619 ||| DRINKING 3 fuming amethyst potions.
  5620 | D:6      | 5620 ||| READING 2 scrolls of identify.
  5620 | D:6      | 5620 ||| IDENTIFYING puce potion
  5621 | D:6      | 5621 ||| DROPPING potion of brilliance.
  5675 | D:7      | 5675 ||| INVOKING Heroism.
  5683 | D:7      | Noticed Pikel
  5694 | D:7      | 5694 ||| INVOKING Heroism.
  5702 | D:7      | Killed Pikel
  5702 | D:7      | Reached ** piety under Okawaru
  5749 | D:7      | Noticed Joseph
  5750 | D:7      | 5750 ||| Stepping ~*~*~tactically~*~*~ (hiding).
  5751 | D:7      | 5751 ||| Stepping ~*~*~tactically~*~*~ (hiding).
  5759 | D:7      | 5759 ||| INVOKING Heroism.
  5762 | D:7      | HP: 6/49 [Joseph/+0 quarterstaff (11)]
  5763 | D:7      | 5763 ||| READING scroll of teleportation.
  5764 | D:7      | 5764 ||| DRINKING 2 potions of heal wounds.
  5869 | D:7      | Reached skill level 6 in Shields
  5884 | D:7      | 5884 ||| FLEEEEING.
  5885 | D:7      | 5885 ||| FLEEEEING.
  5886 | D:7      | 5886 ||| FLEEEEING.
  5887 | D:7      | 5887 ||| FLEEEEING.
  5888 | D:7      | 5888 ||| FLEEEEING.
  5889 | D:7      | 5889 ||| FLEEEEING.
  5890 | D:7      | 5890 ||| FLEEEEING.
  5891 | D:7      | 5891 ||| FLEEEEING.
  5892 | D:7      | 5892 ||| FLEEEEING.
  5893 | D:7      | 5893 ||| FLEEEEING.
  5894 | D:7      | 5894 ||| FLEEEEING.
  5895 | D:7      | 5895 ||| FLEEEEING.
  5896 | D:7      | 5896 ||| FLEEEEING.
  5897 | D:7      | 5897 ||| INVOKING Heroism.
  5903 | D:7      | Reached XP level 9. HP: 50/54 MP: 9/12
  5916 | D:7      | Killed Joseph
  5917 | D:7      | HP: 10/54 [acid (5)]
  5918 | D:7      | 5918 ||| DRINKING potion of heal wounds.
  5929 | D:7      | 5929 ||| INVOKING Heroism.
  6126 | D:7      | Found Tinnyecs's Lightly-Used Armoury.
  6134 | D:7      | 6134 ||| SHOPLISTING -1 gold dragon scales (750 gold, have
                  | 360).
  6134 | D:7      | 6134 ||| SHOPLISTING -2 pearl dragon scales (900 gold, have
                  | 360).
  6134 | D:7      | 6134 ||| SHOPLISTING -3 crystal plate armour (650 gold,
                  | have 360).
  6326 | D:7      | 6326 ||| INVOKING Heroism.
  6340 | D:7      | Reached skill level 6 in Fighting
  6592 | D:7      | 6592 ||| Stepping ~*~*~tactically~*~*~ (stealth).
  6766 | D:7      | 6766 ||| UPGRADING to +4 ring of protection.
  6767 | D:7      | 6767 ||| READING scroll labelled UTEIDACR AROAD.
  6868 | D:7      | 6868 ||| DRINKING 2 dark potions.
  7027 | D:8      | 7027 ||| INVOKING Heroism.
  7032 | D:8      | 7032 ||| Stepping ~*~*~tactically~*~*~ (stealth).
  7033 | D:8      | 7033 ||| Stepping ~*~*~tactically~*~*~ (stealth).
  7035 | D:8      | 7035 ||| Stepping ~*~*~tactically~*~*~ (stealth).
  7036 | D:8      | 7036 ||| Stepping ~*~*~tactically~*~*~ (stealth).
  7037 | D:8      | 7037 ||| Stepping ~*~*~tactically~*~*~ (stealth).
  7072 | D:8      | 7072 ||| Stepping ~*~*~tactically~*~*~ (cloud).
  7073 | D:8      | 7073 ||| Stepping ~*~*~tactically~*~*~ (cloud).
  7076 | D:8      | 7076 ||| INVOKING Heroism.
  7200 | D:8      | 7200 ||| INVOKING Heroism.
  7286 | D:8      | 7286 ||| Stepping ~*~*~tactically~*~*~ (stealth).
  7287 | D:8      | 7287 ||| Stepping ~*~*~tactically~*~*~ (stealth).
  7293 | D:8      | Reached *** piety under Okawaru
  7294 | D:8      | Reached skill level 9 in Axes
  7294 | D:8      | Reached XP level 10. HP: 60/60 MP: 13/13
  7318 | D:8      | 7318 ||| Stepping ~*~*~tactically~*~*~ (stealth).
  7319 | D:8      | 7319 ||| Stepping ~*~*~tactically~*~*~ (hiding).
  7320 | D:8      | 7320 ||| Stepping ~*~*~tactically~*~*~ (stealth).
  7321 | D:8      | 7321 ||| Stepping ~*~*~tactically~*~*~ (hiding).
  7322 | D:8      | 7322 ||| Stepping ~*~*~tactically~*~*~ (hiding).
  7323 | D:8      | 7323 ||| INVOKING Heroism.
  7333 | D:8      | Found a staircase to the Lair.
  7347 | D:8      | HP: 13/63 [gnoll/+0 club (6)]
  7350 | D:8      | HP: 4/63 [yak (9)]
  7355 | D:8      | Reached skill level 9 in Shields
  7776 | D:8      | 7776 ||| INVOKING Heroism.
  8015 | D:8      | 8015 ||| PLANNING LAIR
  8015 | D:8      | 8015 ||| UPGRADING to amulet of regeneration.
  8020 | D:8      | 8020 ||| READING 2 scrolls of identify.
  8020 | D:8      | 8020 ||| IDENTIFYING coppery potion
  8059 | Lair:1   | Entered Level 1 of the Lair of Beasts
  8088 | Lair:1   | Noticed a cane toad
  8089 | Lair:1   | 8089 ||| INVOKING Heroism.
  8096 | Lair:1   | Killed a cane toad
  8143 | Lair:1   | 8143 ||| Stepping ~*~*~tactically~*~*~ (stealth).
  8144 | Lair:1   | 8144 ||| INVOKING Heroism.
  8154 | Lair:1   | Reached **** piety under Okawaru
  8156 | Lair:1   | 8156 ||| Stepping ~*~*~tactically~*~*~ (cloud).
  8207 | Lair:1   | 8207 ||| INVOKING Heroism.
  8257 | Lair:1   | Noticed a black mamba
  8257 | Lair:1   | Noticed a cane toad
  8258 | Lair:1   | 8258 ||| INVOKING Heroism.
  8265 | Lair:1   | Killed a black mamba
  8268 | Lair:1   | Noticed a torpor snail
  8269 | Lair:1   | Killed a cane toad
  8291 | Lair:1   | 8291 ||| INVOKING Heroism.
  8299 | Lair:1   | Reached XP level 11. HP: 68/68 MP: 12/15
  8352 | Lair:1   | 8352 ||| INVOKING Heroism.
  8358 | Lair:1   | Reached skill level 6 in Armour
  8358 | Lair:1   | Reached skill level 6 in Invocations
  8481 | Lair:1   | 8481 ||| Stepping ~*~*~tactically~*~*~ (stealth).
  8482 | Lair:1   | 8482 ||| INVOKING Heroism.
  8649 | Lair:1   | Reached ***** piety under Okawaru
  8801 | Lair:1   | Found a frozen archway.
  8802 | Lair:1   | 8802 ||| Stepping ~*~*~tactically~*~*~ (stealth).
  8977 | Lair:1   | 8977 ||| Stepping ~*~*~tactically~*~*~ (stealth).
  9014 | Lair:1   | 9014 ||| READING scroll labelled IZA HYICIGRA.
  9015 | Lair:1   | 9015 ||| READING 3 scrolls of identify.
  9015 | Lair:1   | 9015 ||| IDENTIFYING smoky dark potion
  9016 | Lair:1   | 9016 ||| READING 2 scrolls of identify.
  9016 | Lair:1   | 9016 ||| IDENTIFYING fuming orange potion
  9017 | Lair:1   | 9017 ||| DROPPING potion of degeneration.
  9187 | Lair:2   | 9187 ||| Stepping ~*~*~tactically~*~*~ (stealth).
  9196 | Lair:2   | 9196 ||| INVOKING Heroism.
  9216 | Lair:2   | 9216 ||| Stepping ~*~*~tactically~*~*~ (stealth).
  9231 | Lair:2   | 9231 ||| Stepping ~*~*~tactically~*~*~ (stealth).
  9232 | Lair:2   | 9232 ||| Stepping ~*~*~tactically~*~*~ (stealth).
  9234 | Lair:2   | 9234 ||| Stepping ~*~*~tactically~*~*~ (stealth).
  9236 | Lair:2   | 9236 ||| Stepping ~*~*~tactically~*~*~ (stealth).
  9248 | Lair:2   | 9248 ||| FLEEEEING.
  9250 | Lair:2   | 9250 ||| INVOKING Heroism.
  9251 | Lair:2   | 9251 ||| Stepping ~*~*~tactically~*~*~ (stealth).
  9253 | Lair:2   | 9253 ||| Stepping ~*~*~tactically~*~*~ (stealth).
  9285 | Lair:2   | 9285 ||| INVOKING Heroism.
  9310 | Lair:2   | Received a gift from Okawaru
  9312 | Lair:2   | 9312 ||| DROPPING +0 flail of protection.
  9354 | Lair:2   | 9354 ||| INVOKING Heroism.
  9405 | Lair:2   | 9405 ||| INVOKING Heroism.
  9602 | Lair:2   | 9602 ||| INVOKING Heroism.
  9663 | Lair:2   | 9663 ||| INVOKING Heroism.
  9678 | Lair:2   | Reached skill level 9 in Invocations
  9913 | Lair:2   | 9913 ||| INVOKING Heroism.
  9917 | Lair:2   | Noticed an eight-headed hydra
  9918 | Lair:2   | 9918 ||| INVOKING Finesse.
  9919 | Lair:2   | 9919 ||| SWAPPING to +2 morningstar of holy wrath.
  9920 | Lair:2   | 9920 ||| Stepping ~*~*~tactically~*~*~ (outnumbered).
  9922 | Lair:2   | 9922 ||| Stepping ~*~*~tactically~*~*~ (outnumbered).
  9923 | Lair:2   | 9923 ||| Stepping ~*~*~tactically~*~*~ (outnumbered).
  9927 | Lair:2   | 9927 ||| Stepping ~*~*~tactically~*~*~ (outnumbered).
  9930 | Lair:2   | 9930 ||| Stepping ~*~*~tactically~*~*~ (outnumbered).
  9936 | Lair:2   | Killed an eight-headed hydra
  9937 | Lair:2   | Reached XP level 12. HP: 67/73 MP: 13/19
  9937 | Lair:2   | 9937 ||| SWAPPING to +1 war axe of venom.
  9954 | Lair:2   | 9954 ||| INVOKING Heroism.
 10101 | Lair:2   | 10101 ||| DROPPING +1 pair of gloves of stealth.
 10102 | Lair:2   | 10102 ||| UPGRADING to ring of positive energy.
 10103 | Lair:2   | 10103 ||| READING 2 scrolls of identify.
 10103 | Lair:2   | 10103 ||| IDENTIFYING smoky blue potion
 10239 | Lair:3   | Found a staircase to the Swamp.
 10243 | Lair:3   | 10243 ||| INVOKING Heroism.
 10249 | Lair:3   | HP: 10/75 [bog body (23)]
 10250 | Lair:3   | HP: 2/75 [bog body/bolt of cold (9)]
 10430 | Lair:3   | Reached skill level 9 in Fighting
 10512 | Lair:3   | 10512 ||| INVOKING Heroism.
 10589 | Lair:3   | 10589 ||| INVOKING Heroism.
 10786 | Lair:3   | 10786 ||| Stepping ~*~*~tactically~*~*~ (stealth).
 10787 | Lair:3   | 10787 ||| Stepping ~*~*~tactically~*~*~ (stealth).
 10789 | Lair:3   | 10789 ||| Stepping ~*~*~tactically~*~*~ (stealth).
 10790 | Lair:3   | 10790 ||| Stepping ~*~*~tactically~*~*~ (stealth).
 10792 | Lair:3   | 10792 ||| Stepping ~*~*~tactically~*~*~ (stealth).
 10823 | Lair:3   | 10823 ||| Stepping ~*~*~tactically~*~*~ (stealth).
 10825 | Lair:3   | 10825 ||| Stepping ~*~*~tactically~*~*~ (stealth).
 10826 | Lair:3   | 10826 ||| INVOKING Heroism.
 10853 | Lair:3   | 10853 ||| INVOKING Heroism.
 10877 | Lair:3   | Reached skill level 12 in Axes
 10937 | Lair:3   | 10937 ||| INVOKING Heroism.
 10938 | Lair:3   | Found a hole to the Spider Nest.
 11128 | Lair:3   | Identified the +0 tower shield of Xir Tuim {Dex+6 Stlth+}
                  | (Okawaru gifted it to you on level 3 of the Lair of Beasts)
 11128 | Lair:3   | Received a gift from Okawaru
 11169 | Lair:3   | 11169 ||| UPGRADING to +0 tower shield of Xir Tuim {Dex+6
                  | Stlth+}.
 11179 | Lair:3   | 11179 ||| DROPPING +0 kite shield.
 11180 | Lair:3   | 11180 ||| READING scroll labelled QEGONWANG.
 11181 | Lair:3   | 11181 ||| READING scroll labelled DOMIUBE BAUPP.
 11182 | Lair:3   | 11182 ||| DRINKING 2 lumpy inky potions.
 11183 | Lair:3   | 11183 ||| READING 2 scrolls of identify.
 11183 | Lair:3   | 11183 ||| IDENTIFYING murky orange potion
 11184 | Lair:3   | 11184 ||| DROPPING potion of flight.
 11185 | Lair:3   | 11185 ||| DROPPING potion of ambrosia.
 11187 | Lair:4   | Noticed a five-headed hydra
 11188 | Lair:4   | 11188 ||| INVOKING Heroism.
 11189 | Lair:4   | 11189 ||| INVOKING Finesse.
 11190 | Lair:4   | 11190 ||| Stepping ~*~*~tactically~*~*~ (stealth).
 11192 | Lair:4   | 11192 ||| SWAPPING to +2 morningstar of holy wrath.
 11207 | Lair:4   | Killed a five-headed hydra
 11208 | Lair:4   | 11208 ||| SWAPPING to +1 war axe of venom.
 11356 | Lair:4   | 11356 ||| Stepping ~*~*~tactically~*~*~ (hiding).
 11366 | Lair:4   | Reached skill level 1 in Throwing
 11429 | Lair:4   | Noticed Nessos
 11430 | Lair:4   | 11430 ||| INVOKING Finesse.
 11436 | Lair:4   | 11436 ||| Stepping ~*~*~tactically~*~*~ (hiding).
 11438 | Lair:4   | 11438 ||| Stepping ~*~*~tactically~*~*~ (hiding).
 11443 | Lair:4   | Killed Nessos
 11569 | Lair:4   | 11569 ||| INVOKING Heroism.
 11570 | Lair:4   | 11570 ||| Stepping ~*~*~tactically~*~*~ (stealth).
 11589 | Lair:4   | Reached XP level 13. HP: 74/80 MP: 20/20
 11594 | Lair:4   | Reached skill level 12 in Shields
 11875 | Lair:4   | 11875 ||| UPGRADING to +2 hat.
 11884 | Lair:5   | Entered Level 5 of the Lair of Beasts
 11885 | Lair:5   | 11885 ||| STAIRDANCE
 11900 | Lair:5   | 11900 ||| STAIRDANCE
 11902 | Lair:4   | 11902 ||| INVOKING Heroism.
 11938 | Lair:5   | 11938 ||| INVOKING Heroism.
 11939 | Lair:5   | 11939 ||| INVOKING Finesse.
 11961 | Lair:5   | Reached skill level 3 in Throwing
 12077 | Lair:5   | 12077 ||| INVOKING Heroism.
 12104 | Lair:5   | 12104 ||| INVOKING Heroism.
 12140 | Lair:5   | Reached skill level 3 in Dodging
 12169 | Lair:5   | 12169 ||| INVOKING Heroism.
 12190 | Lair:5   | Received a gift from Okawaru
 12302 | Lair:5   | 12302 ||| INVOKING Heroism.
 12387 | Lair:5   | 12387 ||| Stepping ~*~*~tactically~*~*~ (stealth).
 12389 | Lair:5   | 12389 ||| INVOKING Heroism.
 12390 | Lair:5   | 12390 ||| Stepping ~*~*~tactically~*~*~ (stealth).
 12394 | Lair:5   | 12394 ||| INVOKING Finesse.
 12403 | Lair:5   | 12403 ||| Stepping ~*~*~tactically~*~*~ (stealth).
 12568 | Lair:5   | 12568 ||| INVOKING Heroism.
 12623 | Lair:5   | 12623 ||| Stepping ~*~*~tactically~*~*~ (hiding).
 12626 | Lair:5   | 12626 ||| INVOKING Finesse.
 12685 | Lair:5   | 12685 ||| INVOKING Heroism.
 12715 | Lair:5   | 12715 ||| Stepping ~*~*~tactically~*~*~ (stealth).
 12716 | Lair:5   | 12716 ||| SWAPPING to +2 morningstar of holy wrath.
 12717 | Lair:5   | 12717 ||| INVOKING Finesse.
 12720 | Lair:5   | 12720 ||| Stepping ~*~*~tactically~*~*~ (stealth).
 12723 | Lair:5   | 12723 ||| SWAPPING to +1 war axe of venom.
 12726 | Lair:5   | 12726 ||| INVOKING Heroism.
 12738 | Lair:5   | Gained mutation: Your large and strong wings let you fly.
                  | [Gargoyle growth]
 12738 | Lair:5   | Reached XP level 14. HP: 86/88 MP: 14/21
 12776 | Lair:5   | 12776 ||| INVOKING Heroism.
 12777 | Lair:5   | 12777 ||| INVOKING Finesse.
 12789 | Lair:5   | Received a gift from Okawaru
 12848 | Lair:5   | 12848 ||| INVOKING Heroism.
 12849 | Lair:5   | 12849 ||| INVOKING Finesse.
 12908 | Lair:5   | 12908 ||| INVOKING Heroism.
 12909 | Lair:5   | 12909 ||| Stepping ~*~*~tactically~*~*~ (hiding).
 12910 | Lair:5   | 12910 ||| Stepping ~*~*~tactically~*~*~ (stealth).
 12912 | Lair:5   | 12912 ||| INVOKING Finesse.
 12916 | Lair:5   | Reached skill level 15 in Shields
 12925 | Lair:5   | Received a gift from Okawaru
 12926 | Lair:5   | 12926 ||| SWAPPING to +2 morningstar of holy wrath.
 12935 | Lair:5   | 12935 ||| SWAPPING to +1 war axe of venom.
 12970 | Lair:5   | 12970 ||| READING scroll of enchant armour.
 12970 | Lair:5   | 12970 ||| ENCHANTING +1 cloak.
 13092 | Lair:5   | Found a viscous altar of Jiyva.
 13092 | Lair:5   | Found a staircase to the Slime Pits.
 13204 | Lair:5   | 13204 ||| PLANNING D:1-11
 13431 | D:9      | 13431 ||| INVOKING Heroism.
 13519 | D:9      | 13519 ||| INVOKING Heroism.
 13816 | D:9      | 13816 ||| UPGRADING to +6 ring of strength.
 13818 | D:9      | 13818 ||| DROPPING ring of positive energy.
 13819 | D:9      | 13819 ||| DRINKING 2 bubbling red potions.
 13820 | D:9      | 13820 ||| READING 2 scrolls of identify.
 13820 | D:9      | 13820 ||| IDENTIFYING sapphire potion
 13851 | D:10     | Entered Level 10 of the Dungeon
 13887 | D:10     | 13887 ||| Stepping ~*~*~tactically~*~*~ (stealth).
 13893 | D:10     | 13893 ||| Stepping ~*~*~tactically~*~*~ (hiding).
 13898 | D:10     | 13898 ||| INVOKING Heroism.
 13935 | D:10     | 13935 ||| Stepping ~*~*~tactically~*~*~ (stealth).
 13936 | D:10     | 13936 ||| Stepping ~*~*~tactically~*~*~ (stealth).
 13940 | D:10     | 13940 ||| Stepping ~*~*~tactically~*~*~ (stealth).
 13944 | D:10     | 13944 ||| Stepping ~*~*~tactically~*~*~ (stealth).
 13945 | D:10     | 13945 ||| Stepping ~*~*~tactically~*~*~ (stealth).
 13947 | D:10     | 13947 ||| Stepping ~*~*~tactically~*~*~ (stealth).
 13951 | D:10     | 13951 ||| Stepping ~*~*~tactically~*~*~ (stealth).
 13955 | D:10     | 13955 ||| Stepping ~*~*~tactically~*~*~ (stealth).
 13972 | D:10     | Found a staircase to the Orcish Mines.
 13976 | D:10     | 13976 ||| Stepping ~*~*~tactically~*~*~ (stealth).
 13981 | D:10     | 13981 ||| Stepping ~*~*~tactically~*~*~ (stealth).
 13987 | D:10     | 13987 ||| Stepping ~*~*~tactically~*~*~ (stealth).
 14005 | D:10     | 14005 ||| Stepping ~*~*~tactically~*~*~ (stealth).
 14045 | D:10     | 14045 ||| INVOKING Heroism.
 14046 | D:10     | 14046 ||| INVOKING Finesse.
 14160 | D:10     | 14160 ||| Stepping ~*~*~tactically~*~*~ (stealth).
 14171 | D:10     | 14171 ||| Stepping ~*~*~tactically~*~*~ (stealth).
 14173 | D:10     | Noticed Gastronok
 14174 | D:10     | 14174 ||| Stepping ~*~*~tactically~*~*~ (hiding).
 14174 | D:10     | Noticed Sonja
 14175 | D:10     | 14175 ||| INVOKING Finesse.
 14176 | D:10     | 14176 ||| Stepping ~*~*~tactically~*~*~ (hiding).
 14204 | D:10     | Killed Gastronok
 14208 | D:10     | Killed Sonja
 14337 | D:10     | Identified the +1 chain mail "Ysmaip" {rCorr Dex+5}
 14577 | D:10     | 14577 ||| DROPPING +0 acid dragon scales.
 14578 | D:10     | 14578 ||| UPGRADING to +0 plate armour.
 14588 | D:10     | 14588 ||| DROPPING +0 chain mail.
 14589 | D:10     | 14589 ||| UPGRADING to +1 hat of willpower.
 14599 | D:10     | 14599 ||| READING scroll of enchant armour.
 14599 | D:10     | 14599 ||| ENCHANTING +1 hat of willpower.
 14600 | D:10     | 14600 ||| DROPPING +2 hat.
 14610 | D:11     | 14610 ||| PLANNING GAUNTLET
 14610 | D:11     | 14610 ||| INVOKING Heroism.
 14612 | D:11     | 14612 ||| STAIRDANCE
 14624 | D:11     | 14624 ||| STAIRDANCE
 14688 | D:11     | 14688 ||| Stepping ~*~*~tactically~*~*~ (stealth).
 14692 | D:11     | 14692 ||| Stepping ~*~*~tactically~*~*~ (hiding).
 14701 | D:11     | 14701 ||| FLEEEEING.
 14702 | D:11     | 14702 ||| FLEEEEING.
 14703 | D:11     | 14703 ||| FLEEEEING.
 14704 | D:11     | 14704 ||| FLEEEEING.
 14877 | D:11     | 14877 ||| Stepping ~*~*~tactically~*~*~ (stealth).
 14964 | D:11     | Found a gate leading to a gauntlet.
 14973 | Gauntlet | Entered a Gauntlet
 14973 | Gauntlet | Found a transporter.
 14973 | Gauntlet | Found a runed translucent door.
 14973 | Gauntlet | Found a transporter.
 14979 | Gauntlet | Found a transporter.
 14996 | Gauntlet | Found a transporter.
 15012 | Gauntlet | Found a transporter.
 15012 | Gauntlet | Found a transporter.
 15012 | Gauntlet | Found a transporter.
 15015 | Gauntlet | Found a transporter.
 15015 | Gauntlet | Found a transporter.
 15036 | Gauntlet | Found a transporter.
 15046 | Gauntlet | Found a transporter.
 15056 | Gauntlet | Found a transporter.
 15063 | Gauntlet | Found the dreamshard necklace {*Dream Drain}
 15073 | Gauntlet | Found a transporter.
 15091 | Gauntlet | Found a transporter.
 15092 | Gauntlet | Found the +3 pair of seven-league boots {Rampage+∞}
 15098 | Gauntlet | Found a runed translucent door.
 15129 | Gauntlet | 15129 ||| INVOKING Heroism.
 15157 | Gauntlet | 15157 ||| Stepping ~*~*~tactically~*~*~ (stealth).
 15159 | Gauntlet | 15159 ||| INVOKING Heroism.
 15189 | Gauntlet | 15189 ||| READING 4 scrolls of identify.
 15189 | Gauntlet | 15189 ||| IDENTIFYING lumpy red potion
 15190 | Gauntlet | 15190 ||| DRINKING potion of experience.
 15190 | Gauntlet | Reached XP level 15. HP: 92/92 MP: 22/22
 15206 | Gauntlet | 15206 ||| INVOKING Heroism.
 15225 | Gauntlet | Identified the ring of the Priest {Wiz rF+ rC+ Stlth+}
 15229 | Gauntlet | 15229 ||| UPGRADING to ring of the Priest {Wiz rF+ rC+
                  | Stlth+}.
 15231 | Gauntlet | 15231 ||| UPGRADING to +4 ring of protection.
 15248 | Gauntlet | 15248 ||| INVOKING Heroism.
 15264 | Gauntlet | Received a gift from Okawaru
 15267 | Gauntlet | 15267 ||| SWAPPING to +1 broad axe of venom.
 15268 | Gauntlet | 15268 ||| DROPPING +1 war axe of venom.
 15272 | Gauntlet | 15272 ||| READING scroll of brand weapon.
 15272 | Gauntlet | 15272 ||| BRANDING +1 broad axe of venom.
 15273 | Gauntlet | 15273 ||| DROPPING +2 morningstar of holy wrath.
 15292 | Gauntlet | 15292 ||| READING 3 scrolls of identify.
 15292 | Gauntlet | 15292 ||| IDENTIFYING viscous blue potion
 15293 | Gauntlet | 15293 ||| DROPPING potion of invisibility.
 15298 | D:11     | 15298 ||| PLANNING D:1-11
 15489 | D:11     | Found Diluol's General Store.
 15497 | D:11     | 15497 ||| BUYING 2 potions of curing (96 gold).
 15497 | D:11     | Bought 2 potions of curing for 96 gold pieces
 15497 | D:11     | 15497 ||| BUYING scroll of teleportation (48 gold).
 15497 | D:11     | Bought a scroll of teleportation for 48 gold pieces
 15772 | D:11     | 15772 ||| PLANNING D
 15792 | D:12     | Found a runed translucent gate.
 15793 | D:12     | Found a runed translucent gate.
 15798 | D:12     | 15798 ||| INVOKING Heroism.
 15886 | D:12     | 15886 ||| INVOKING Heroism.
 15942 | D:12     | 15942 ||| INVOKING Heroism.
 15978 | D:12     | 15978 ||| Stepping ~*~*~tactically~*~*~ (hiding).
 15987 | D:12     | 15987 ||| Stepping ~*~*~tactically~*~*~ (hiding).
 16030 | D:12     | Found a runed translucent gate.
 16031 | D:12     | Noticed qw's ghost (journeyman GrFi)
 16076 | D:12     | 16076 ||| INVOKING Heroism.
 16115 | D:12     | 16115 ||| Stepping ~*~*~tactically~*~*~ (hiding).
 16229 | D:12     | 16229 ||| FLEEEEING.
 16230 | D:12     | 16230 ||| FLEEEEING.
 16231 | D:12     | 16231 ||| FLEEEEING.
 16498 | D:12     | 16498 ||| READING scroll labelled BUOMAE YKEGE.
 16528 | D:13     | 16528 ||| STAIRDANCE
 16625 | D:13     | 16625 ||| INVOKING Heroism.
 16642 | D:13     | 16642 ||| INVOKING Heroism.
 16657 | D:13     | Identified the amulet of Impatience {RegenMP Fly rF+ Will+
                  | Regen+}
 16678 | D:13     | Found a runed translucent door.
 16724 | D:13     | 16724 ||| UPGRADING to amulet of Impatience {RegenMP Fly
                  | rF+ Will+ Regen+}.
 16726 | D:13     | 16726 ||| INVOKING Heroism.
 16727 | D:13     | Found a runed translucent door.
 16741 | D:13     | HP: 22/93 [fire dragon/blast of flame (23)]
 16742 | D:13     | 16742 ||| READING 4 scrolls of teleportation.
 16743 | D:13     | 16743 ||| DRINKING potion of heal wounds.
 16848 | D:13     | 16848 ||| Invisible monster not found???
 16970 | D:13     | 16970 ||| READING scroll of enchant armour.
 16970 | D:13     | 16970 ||| ENCHANTING +0 plate armour.
 17060 | D:13     | Reached XP level 16. HP: 88/100 MP: 23/23
 17135 | D:13     | 17135 ||| Stepping ~*~*~tactically~*~*~ (stealth).
 17137 | D:13     | 17137 ||| Stepping ~*~*~tactically~*~*~ (stealth).
 17140 | D:13     | 17140 ||| Stepping ~*~*~tactically~*~*~ (stealth).
 17144 | D:13     | 17144 ||| INVOKING Heroism.
 17183 | D:13     | 17183 ||| INVOKING Heroism.
 17224 | D:13     | Found Caryphe's Overcharged Wands.
 17236 | D:13     | 17236 ||| BUYING wand of digging (11) (693 gold).
 17236 | D:13     | Bought a wand of digging (11) for 693 gold pieces
 17482 | D:13     | 17482 ||| INVOKING Heroism.
 17487 | D:13     | 17487 ||| Stepping ~*~*~tactically~*~*~ (hiding).
 17496 | D:13     | Identified the ring of Greater Demons {rF+ rCorr Str+3
                  | Int+3}
 17499 | D:13     | 17499 ||| INVOKING Heroism.
 17523 | D:13     | Identified the +0 hat of Viemmishra {rN+ Int+2 Slay-3}
                  | (Okawaru gifted it to you on level 13 of the Dungeon)
 17523 | D:13     | Received a gift from Okawaru
 17532 | D:13     | 17532 ||| INVOKING Heroism.
 17596 | D:13     | Found a runed translucent door.
 17617 | D:13     | Identified the ring of the Commoners {MP+9 Dex+9}
 17692 | D:13     | Identified the ring of Makhleb's Supremacy {rElec rN+
                  | rCorr}
 17693 | D:13     | 17693 ||| Stepping ~*~*~tactically~*~*~ (stealth).
 17694 | D:13     | 17694 ||| Stepping ~*~*~tactically~*~*~ (stealth).
 17746 | D:13     | 17746 ||| Stepping ~*~*~tactically~*~*~ (stealth).
 17748 | D:13     | 17748 ||| INVOKING Heroism.
 17750 | D:13     | 17750 ||| Stepping ~*~*~tactically~*~*~ (hiding).
 17763 | D:13     | Reached skill level 6 in Throwing
 17827 | D:13     | Found a gate to the Vaults.
 17901 | D:13     | 17901 ||| Stepping ~*~*~tactically~*~*~ (stealth).
 17904 | D:13     | 17904 ||| Stepping ~*~*~tactically~*~*~ (stealth).
 17905 | D:13     | 17905 ||| Stepping ~*~*~tactically~*~*~ (stealth).
 17995 | D:13     | 17995 ||| DROPPING +0 hat of Viemmishra {rN+ Int+2 Slay-3}.
 17996 | D:13     | 17996 ||| UPGRADING to +0 pair of boots.
 18001 | D:13     | 18001 ||| UPGRADING to amulet of Impatience {RegenMP Fly
                  | rF+ Will+ Regen+}.
 18011 | D:13     | 18011 ||| DROPPING amulet of regeneration.
 18012 | D:13     | 18012 ||| DROPPING +6 ring of strength.
 18013 | D:13     | 18013 ||| UPGRADING to ring of Greater Demons {rF+ rCorr
                  | Str+3 Int+3}.
 18015 | D:13     | 18015 ||| READING scroll labelled ITORRI ECOL.
 18047 | D:14     | Found Tuol's Armour Emporium.
 18075 | D:14     | 18075 ||| INVOKING Heroism.
 18174 | D:14     | 18174 ||| INVOKING Heroism.
 18278 | D:14     | 18278 ||| Stepping ~*~*~tactically~*~*~ (stealth).
 18279 | D:14     | 18279 ||| Stepping ~*~*~tactically~*~*~ (stealth).
 18313 | D:14     | 18313 ||| Stepping ~*~*~tactically~*~*~ (hiding).
 18324 | D:14     | Reached skill level 15 in Axes
 18544 | D:14     | Found a runed translucent door.
 18874 | D:15     | Entered Level 15 of the Dungeon
 18876 | D:15     | 18876 ||| STAIRDANCE
 18938 | D:15     | 18938 ||| STAIRDANCE
 19006 | D:15     | 19006 ||| Stepping ~*~*~tactically~*~*~ (hiding).
 19007 | D:15     | 19007 ||| Stepping ~*~*~tactically~*~*~ (hiding).
 19008 | D:15     | 19008 ||| Stepping ~*~*~tactically~*~*~ (hiding).
 19034 | D:15     | 19034 ||| Stepping ~*~*~tactically~*~*~ (hiding).
 19037 | D:15     | 19037 ||| INVOKING Heroism.
 19043 | D:15     | 19043 ||| Stepping ~*~*~tactically~*~*~ (hiding).
 19053 | D:15     | 19053 ||| Stepping ~*~*~tactically~*~*~ (stealth).
 19120 | D:15     | 19120 ||| INVOKING Heroism.
 19140 | D:15     | Reached skill level 12 in Fighting
 19250 | D:15     | Found Ridubavo's Weapon Emporium.
 19258 | D:15     | 19258 ||| INVOKING Heroism.
 19345 | D:15     | 19345 ||| Stepping ~*~*~tactically~*~*~ (hiding).
 19364 | D:15     | Found a staircase to the Depths.
 19365 | D:15     | 19365 ||| INVOKING Heroism.
 19430 | D:15     | Reached ****** piety under Okawaru
 19442 | D:15     | Noticed Agnes
 19443 | D:15     | 19443 ||| INVOKING Heroism.
 19444 | D:15     | 19444 ||| INVOKING Finesse.
 19462 | D:15     | Killed Agnes
 19491 | D:15     | 19491 ||| Stepping ~*~*~tactically~*~*~ (hiding).
 19861 | D:15     | 19861 ||| PLANNING ORC
 19980 | Orc:1    | Entered Level 1 of the Orcish Mines
 19981 | Orc:1    | 19981 ||| INVOKING Heroism.
 20071 | Orc:1    | 20071 ||| INVOKING Heroism.
 20072 | Orc:1    | 20072 ||| Stepping ~*~*~tactically~*~*~ (stealth).
 20087 | Orc:1    | 20087 ||| Stepping ~*~*~tactically~*~*~ (stealth).
 20090 | Orc:1    | 20090 ||| Stepping ~*~*~tactically~*~*~ (hiding).
 20091 | Orc:1    | 20091 ||| Stepping ~*~*~tactically~*~*~ (hiding).
 20097 | Orc:1    | 20097 ||| INVOKING Finesse.
 20115 | Orc:1    | Received a gift from Okawaru
 20143 | Orc:1    | You are sucked into a shaft and drop 1 floor!
 20143 | Orc:2    | Entered Level 2 of the Orcish Mines
 20143 | Orc:2    | Found a radiant altar of Vehumet.
 20144 | Orc:2    | 20144 ||| INVOKING Heroism.
 20172 | Orc:2    | 20172 ||| INVOKING Heroism.
 20182 | Orc:2    | 20182 ||| Stepping ~*~*~tactically~*~*~ (stealth).
 20183 | Orc:2    | 20183 ||| Stepping ~*~*~tactically~*~*~ (stealth).
 20185 | Orc:2    | 20185 ||| Stepping ~*~*~tactically~*~*~ (hiding).
 20186 | Orc:2    | 20186 ||| Stepping ~*~*~tactically~*~*~ (hiding).
 20187 | Orc:2    | 20187 ||| Stepping ~*~*~tactically~*~*~ (hiding).
 20205 | Orc:2    | Received a gift from Okawaru
 20225 | Orc:2    | 20225 ||| Stepping ~*~*~tactically~*~*~ (hiding).
 20233 | Orc:2    | 20233 ||| Stepping ~*~*~tactically~*~*~ (stealth).
 20244 | Orc:2    | 20244 ||| Stepping ~*~*~tactically~*~*~ (stealth).
 20246 | Orc:2    | 20246 ||| Stepping ~*~*~tactically~*~*~ (stealth).
 20248 | Orc:2    | 20248 ||| Stepping ~*~*~tactically~*~*~ (stealth).
 20250 | Orc:2    | 20250 ||| Stepping ~*~*~tactically~*~*~ (hiding).
 20253 | Orc:2    | 20253 ||| Stepping ~*~*~tactically~*~*~ (stealth).
 20263 | Orc:2    | 20263 ||| Stepping ~*~*~tactically~*~*~ (stealth).
 20265 | Orc:2    | 20265 ||| Stepping ~*~*~tactically~*~*~ (stealth).
 20268 | Orc:2    | 20268 ||| Stepping ~*~*~tactically~*~*~ (hiding).
 20391 | Orc:2    | 20391 ||| INVOKING Heroism.
 20396 | Orc:2    | Found Arew Sei's Book Emporium.
 20400 | Orc:2    | 20400 ||| Stepping ~*~*~tactically~*~*~ (hiding).
 20535 | Orc:2    | Found an ancient bone altar of Kikubaaqudgha.
 20558 | Orc:2    | Found Tusch's Magic Scroll Shoppe.
 20559 | Orc:2    | 20559 ||| INVOKING Heroism.
 20563 | Orc:2    | 20563 ||| Stepping ~*~*~tactically~*~*~ (hiding).
 20580 | Orc:2    | Found Tariyrph's Jewellery Shoppe.
 20581 | Orc:2    | Found Luding's Antique Armour Emporium.
 20594 | Orc:2    | 20594 ||| BUYING +4 ring of slaying (1092 gold).
 20594 | Orc:2    | Bought a +4 ring of slaying for 1092 gold pieces
 20594 | Orc:2    | 20594 ||| SHOPLISTING ring of Zaluvoj {Contam rF++ rCorr
                  | Str+6 Int+4} (964 gold, have 23).
 20601 | Orc:2    | 20601 ||| SHOPLISTING scroll of enchant armour (120 gold,
                  | have 23).
 20601 | Orc:2    | 20601 ||| SHOPLISTING scroll of enchant weapon (120 gold,
                  | have 23).
 20601 | Orc:2    | 20601 ||| SHOPLISTING scroll of identify (32 gold, have
                  | 23).
 20601 | Orc:2    | 20601 ||| SHOPLISTING scroll of teleportation (48 gold,
                  | have 23).
 20615 | Orc:2    | 20615 ||| SHOPLISTING embroidered hat (189 gold, have 23).
 20615 | Orc:2    | 20615 ||| SHOPLISTING shiny chain mail (202 gold, have 23).
 20666 | Orc:2    | 20666 ||| INVOKING Heroism.
 20676 | Orc:2    | 20676 ||| Stepping ~*~*~tactically~*~*~ (stealth).
 20677 | Orc:2    | 20677 ||| Stepping ~*~*~tactically~*~*~ (stealth).
 20811 | Orc:2    | Found a radiant altar of Vehumet.
 20813 | Orc:2    | 20813 ||| Stepping ~*~*~tactically~*~*~ (hiding).
 20818 | Orc:2    | 20818 ||| INVOKING Heroism.
 20819 | Orc:2    | 20819 ||| INVOKING Finesse.
 20833 | Orc:2    | 20833 ||| DROPPING ring of see invisible.
 20835 | Orc:2    | 20835 ||| DROPPING ring of the Commoners {MP+9 Dex+9}.
 25711 | Orc:2    | 25711 ||| STAIRDANCE
 25720 | Orc:2    | 25720 ||| STAIRDANCE
 29004 | Orc:1    | Glimpsed the power of Zot.
 29404 | Orc:1    | Glimpsed the power of Zot.
 29724 | Orc:1    | Glimpsed the power of Zot.
 29804 | Orc:1    | Touched by the power of Zot.
 29805 | Orc:2    | Glimpsed the power of Zot.
 30205 | Orc:2    | Glimpsed the power of Zot.
 30525 | Orc:2    | Glimpsed the power of Zot.
 30604 | Orc:1    | Touched by the power of Zot.
 30605 | Orc:2    | Glimpsed the power of Zot.
 31005 | Orc:2    | Glimpsed the power of Zot.
 31325 | Orc:2    | Glimpsed the power of Zot.
 31404 | Orc:1    | Touched by the power of Zot.
 31405 | Orc:2    | Glimpsed the power of Zot.
 31805 | Orc:2    | Glimpsed the power of Zot.
 32125 | Orc:2    | Glimpsed the power of Zot.
 32204 | Orc:1    | Touched by the power of Zot.
 32205 | Orc:2    | Glimpsed the power of Zot.
 32605 | Orc:2    | Glimpsed the power of Zot.
 32925 | Orc:2    | Glimpsed the power of Zot.
 33004 | Orc:1    | Touched by the power of Zot.
 33005 | Orc:2    | Glimpsed the power of Zot.
 33405 | Orc:2    | Glimpsed the power of Zot.
 33725 | Orc:2    | Glimpsed the power of Zot.
 33804 | Orc:1    | Touched by the power of Zot.
 33805 | Orc:2    | Glimpsed the power of Zot.
 34205 | Orc:2    | Glimpsed the power of Zot.
 34525 | Orc:2    | Glimpsed the power of Zot.
 34604 | Orc:1    | Touched by the power of Zot.
 34605 | Orc:2    | Glimpsed the power of Zot.
 35005 | Orc:2    | Glimpsed the power of Zot.
 35325 | Orc:2    | Glimpsed the power of Zot.
 35404 | Orc:1    | Touched by the power of Zot.
 35405 | Orc:2    | Glimpsed the power of Zot.
 35805 | Orc:2    | Glimpsed the power of Zot.
 35878 | Orc:2    | Upgraded the game from 0.30-a0-176-gdd20fb75b6 to
                  | 0.30-a0-222-ge547ba4400
 35878 | Orc:2    | 35878 ||| PLANNING ORC
 35888 | Orc:1    | 35888 ||| Stepping ~*~*~tactically~*~*~ (hiding).
 35899 | Orc:1    | 35899 ||| Stepping ~*~*~tactically~*~*~ (hiding).
 35904 | Orc:1    | 35904 ||| INVOKING Heroism.
 35937 | Orc:1    | Reached XP level 17. HP: 27/27 MP: 24/24
 35965 | Orc:1    | Found a transporter.
 35968 | Orc:1    | Noticed Kisosi's ghost (journeyman DDFi)
 35982 | Orc:1    | Found a transporter.
 36159 | Orc:2    | 36159 ||| Stepping ~*~*~tactically~*~*~ (hiding).
 36162 | Orc:2    | 36162 ||| INVOKING Heroism.
 36186 | Orc:2    | 36186 ||| Stepping ~*~*~tactically~*~*~ (stealth).
 36187 | Orc:2    | 36187 ||| Stepping ~*~*~tactically~*~*~ (stealth).
 36188 | Orc:2    | 36188 ||| Stepping ~*~*~tactically~*~*~ (stealth).
 36191 | Orc:2    | Glimpsed the power of Zot.
 36192 | Orc:2    | 36192 ||| Stepping ~*~*~tactically~*~*~ (stealth).
 36193 | Orc:2    | 36193 ||| Stepping ~*~*~tactically~*~*~ (stealth).
 36194 | Orc:2    | 36194 ||| Stepping ~*~*~tactically~*~*~ (stealth).
 36292 | Orc:2    | Touched by the power of Zot.
 36293 | Orc:2    | Glimpsed the power of Zot.
 36310 | Orc:2    | Found a staircase to the Elven Halls.
 36417 | Orc:2    | 36417 ||| PLANNING SWAMP:1-3
 36572 | Swamp:1  | Entered Level 1 of the Swamp
 36573 | Swamp:1  | 36573 ||| Stepping ~*~*~tactically~*~*~ (hiding).
 36588 | Swamp:1  | 36588 ||| Stepping ~*~*~tactically~*~*~ (hiding).
 36592 | Swamp:1  | 36592 ||| INVOKING Heroism.
 36601 | Swamp:1  | Constricted to death by a shambling mangrove

Levels and vault maps discovered:
D:1:      sevenhm_arrival_forest_fort_large_4, layout_rooms, serial_forest,
          infiniplex_forest_lined_corner, infiniplex_forest_lined_3,
          infiniplex_forest_zigzag_1, infiniplex_forest_straight_2,
          infiniplex_forest_clump_small, infiniplex_forest_lined_1,
          amcnicky_mini_pool_small
D:2:      layout_loops_corners
D:3:      layout_rooms, serial_curves, eino_curves_02, eino_curves_04,
          nicolae_elevator_lobby_asterisk
D:4:      layout_basic, minmay_temple_entry_mini_moons, serial_shops, shop
D:5:      layout_basic
D:6:      layout_basic, dancing_weapons_uskayaw,
          minmay_overflow_temple_star_quad, uniq_blork_the_orc
D:7:      layout_basic, serial_park_tiny_pond, grunt_ministairs_1,
          minmay_shop_damaged, kennysheep_generic_room_8, uniq_pikel,
          uniq_joseph
D:8:      layout_gridville, minmay_lair_entry_grove, grunt_decor_one_mirror,
          chequers_serial_rivers_micro_e
D:9:      layout_cave_pools
D:10:     layout_basic, zombieorc1_lemuel, uniq_gastronok, uniq_sonja
D:11:     layout_cave_pods, gauntlet_entry_generic, serial_shops,
          nicolae_shop_stone
D:12:     layout_rooms, gammafunk_ghost_spectres, nicolae_benzene_ring
D:13:     minmay_the_grid_triangle_9x9_recursive_3_mashed
          [minmay_the_grid_triangle_9x9_tough_junction,
          minmay_the_grid_triangle_9x9_from_above,
          minmay_the_grid_triangle_9x9_swiss_cheese,
          minmay_the_grid_triangle_9x9_prize_special,
          minmay_the_grid_triangle_9x9_cache,
          minmay_the_grid_triangle_9x9_warning,
          minmay_the_grid_triangle_9x9_subtriangle,
          minmay_the_grid_triangle_9x9_thin_v,
          minmay_the_grid_triangle_9x9_flanged_cone], layout_loops_corners,
          david_vaults_5, nicolae_shop_overcharged_wands
D:14:     dreamdust_labyrinth, layout_basic, serial_shops,
          nicolae_shop_hallway_stairs, minmay_misc_feat_roman
D:15:     grunt_enter_depths_snipers, layout_basic, serial_shops, shop_statue,
          uniq_agnes
Temple:   regret_index_temple_chain_breaker
Lair:1:   layout_regular_city, portal_ice_cave_entry_ice_simulacra,
          serial_bayou_shore_b, grunt_megastairs_1
Lair:2:   layout_cave_pods, fungi_pond_lemuel, hangedman_lair_generics_rect
Lair:3:   layout_small_grid, skrybe_swamp_entry_bodies,
          spider_nest_entry_funnel_web, bh_autumn_forest_stairs,
          minmay_hedge_maze
Lair:4:   layout_roguey, uniq_nessos
Lair:5:   hangedman_lair_in_review, layout_gridlike, dpeg_slime_entry_enclosed,
          chequers_serial_rivers_micro_a, serial_bayou_shore_b
Swamp:1:  layout_basic_swamp, hangedman_swamp_blocks
Orc:1:    layout_diamond_mine, gammafunk_ghost_arena, mines_bat_river
Orc:2:    kennysheep_orc_mage_school, layout_caves, basic_altar

Skill      XL: |  1  2  3  4  5  6  7  8  9 10 11 12 13 14 15 16 |
---------------+-------------------------------------------------+-----
Axes           | 2 3 4 5 6 7 9 10 11 12 13 14 16 | 16.0
Fighting       | 4 5 6 8 9 10 11 12 | 12.0
Dodging        | 1 2 3 4 |  4.0
Invocations    | 4 5 9 10 | 10.0
Shields        | 6 8 9 10 11 14 15 16 | 16.7
Armour         | 4 5 6 7 10 11 | 11.0
Throwing       | 2 3 4 5 6 |  6.0

Action                   |  1- 3 |  4- 6 |  7- 9 | 10-12 | 13-15 | 16-18 || total
-------------------------+-------+-------+-------+-------+-------+-------++-------
Melee: War axe           |   141 |   123 |   176 |   474 |   522 |       ||  1436
       Morningstar       |       |       |       |    26 |    10 |       ||    36
       Broad axe         |       |       |       |       |   171 |   586 ||   757
Throw: Javelin           |       |       |       |     5 |    93 |    44 ||   142
       Boomerang         |       |       |       |       |       |    26 ||    26
Invok: Heroism           |       |       |     9 |    26 |    29 |    24 ||    88
       Finesse           |       |       |       |     3 |     9 |     3 ||    15
  Use: Scroll            |     4 |     7 |     7 |     8 |     9 |     1 ||    36
       Potion            |     1 |       |     4 |     1 |     3 |       ||     9
Armor: Scale mail        |    58 |     7 |       |       |       |       ||    65
       Chain mail        |       |    42 |    96 |   277 |   142 |       ||   557
       Plate armour      |       |       |       |       |   115 |   205 ||   320
Dodge: Dodged            |    72 |    28 |    44 |   137 |   139 |   114 ||   534
Block: Buckler           |    30 |    21 |     5 |       |       |       ||    56
       Kite shield       |       |       |    86 |   210 |       |       ||   296
       Tower shield      |       |       |       |    65 |   614 |   504 ||  1183

Table legend:
 A = Non-vault XP
 B = Vault XP
 C = Vault XP percentage of total XP
 D = Non-vault monster count
 E = Vault monster count
 F = Vault count percentage of total count
                 A         B        C        D         E       F
            +---------+---------+-------+---------+---------+-------
      Total |   88754 |   58887 |  39.9 |     444 |     190 |  30.0
            +---------+---------+-------+---------+---------+-------
        D:1 |      48 |       0 |   0.0 |      29 |       0 |   0.0
        D:2 |      48 |       0 |   0.0 |      20 |       0 |   0.0
        D:3 |      37 |       0 |   0.0 |      14 |       0 |   0.0
        D:4 |     316 |       0 |   0.0 |      18 |       0 |   0.0
        D:5 |     173 |       0 |   0.0 |       5 |       0 |   0.0
        D:6 |     726 |      94 |  11.5 |      13 |       1 |   7.1
        D:7 |    1197 |    1429 |  54.4 |      17 |       7 |  29.2
        D:8 |     664 |    2126 |  76.2 |      20 |      13 |  39.4
        D:9 |    1983 |       0 |   0.0 |      12 |       0 |   0.0
       D:10 |     795 |    2966 |  78.9 |       8 |      31 |  79.5
       D:11 |    2043 |       0 |   0.0 |      11 |       0 |   0.0
       D:12 |    5900 |       0 |   0.0 |      27 |       0 |   0.0
       D:13 |    8695 |   19580 |  69.2 |      18 |      37 |  67.3
       D:14 |    9309 |       0 |   0.0 |      25 |       0 |   0.0
       D:15 |   10026 |    4157 |  29.3 |      25 |       4 |  13.8
     Lair:1 |    4395 |     338 |   7.1 |      17 |       4 |  19.0
     Lair:2 |    5378 |    2875 |  34.8 |      22 |       8 |  26.7
     Lair:3 |    4724 |    2388 |  33.6 |      22 |       5 |  18.5
     Lair:4 |    7700 |    1009 |  11.6 |      26 |       1 |   3.7
     Lair:5 |   15063 |   10707 |  41.5 |      31 |      21 |  40.4
    Swamp:1 |    1394 |       0 |   0.0 |       4 |       0 |   0.0
      Orc:1 |    4429 |      11 |   0.2 |      24 |       5 |  17.2
      Orc:2 |    3711 |    6671 |  64.3 |      36 |      34 |  48.6
   Gauntlet |       0 |    4536 | 100.0 |       0 |      19 | 100.0
            +---------+---------+-------+---------+---------+-------
